AoeStats
← ♕ ToM ♡

Arabia

508391147Analyzed
1v1 RM · 11d ago on Sep 22, 2026· 18m 48s· 2 players
Game mode
Random Map
Map size
Tiny (2 player)
Population
200
Speed
Normal
Resources
Standard
Victory
Conquest
Starting age
Dark Age
Ending age
Imperial Age
RankedLock teamsTeams togetherTeam positionsShared explorationLock speedFull tech treeHidden civsTurbo modeCheats
Victory
Defeat
🇯🇵 Portuguese · Japan
697
+17
🇸🇰 Wei · Slovakia
722
-17
teban0721
5:21 Loom
10:00 Feudal Age
10:36 Double-Bit Axe
11:55 Town Watch
14:16 Gold Mining
14:29 Fletching
16:36 Wheelbarrow
♕ ToM ♡
12:14 Feudal Age
13:25 Double-Bit Axe
13:54 Horse Collar
Connection lost

Rejoining the realm…

Still unreachable

The connection could not be restored.

Session expired

The server has moved on; the page needs a fresh start.